 Dungeon Crawl Stone Soup version 0.28-a0-1356-g2ad6d04315 (webtiles) character file.

Game seed: 7980816820066366065

65 night the Vandal (level 3, -3/24 HPs)
             Began as a Demonspawn Wanderer on Dec 30, 2021.
             Killed from afar by an orc wizard (10 damage)
             ... with a magic dart
             ... on level 3 of the Dungeon.
             The game lasted 00:05:50 (1979 turns).

night the Vandal (Demonspawn Wanderer)              Turns: 1979, Time: 00:05:50

Health: -3/24      AC:  3    Str:  9    XL:     3   Next: 94%
Magic:  0/6        EV: 11    Int: 14    God:
Gold:   71         SH:  0    Dex: 22    Spells: 2/6 levels left

rFire   . . .      SeeInvis .   a - +3 hunting sling
rCold   . . .      Faith    .   (no shield)
rNeg    . . .      Spirit   .   d - +0 robe
rPois   .          Reflect  .   (no helmet)
rElec   .          Harm     .   (no cloak)
rCorr   .          Rampage  .   (no gloves)
Will    .....                   c - +0 pair of boots
Stlth   ++........              (no amulet)
HPRegen 0.08/turn               i - +6 ring of dexterity
MPRegen 0.10/turn               (no ring)

@: mighty, very slightly contaminated
A: demonic guardian 1, powered by pain 1
a: no special abilities


You were on level 3 of the Dungeon.
You visited 1 branch of the dungeon, and saw 3 of its levels.

You collected 71 gold pieces.

Inventory:

Hand Weapons
 a - a +3 hunting sling (weapon)
 b - a +0 dagger of speed
Missiles
 e - 40 stones (quivered ammo)
 h - 8 bolts
 j - 17 arrows
 o - 19 sling bullets
Armour
 c - a +0 pair of boots (worn)
 d - a +0 robe (worn)
Jewellery
 i - a +6 ring of dexterity (left hand)
Scrolls
 g - a scroll of identify {unknown}
Potions
 f - a potion of degeneration {unknown}


   Skills:
 + Level 4.1 Slings
 - Level 1.0 Armour
 - Level 1.7 Stealth
 + Level 2.1 Spellcasting
 + Level 2.2 Fire Magic
 - Level 1.0 Evocations


You had 2 spell levels left.
You knew the following spells:

 Your Spells              Type           Power      Damage    Failure   Level
a - Foxfire               Conj/Fire      16%        2x1d4     16%         1
b - Inner Flame           Hex/Fire       4%         N/A       41%         3

Your spell library contained the following spells:

 Spells                   Type           Power      Damage    Failure   Level
 Vampiric Draining        Necr           1%         2d6       56%         3
 Agony                    Necr           1%         N/A       100%        5
 Haunt                    Necr/Summ      0%         N/A       100%        7


Dungeon Overview and Level Annotations

Branches:
Dungeon (3/15)

Altars:


Innate Abilities, Weirdness & Mutations

A weak demonic guardian rushes to your aid.
You sometimes gain a little power by taking damage.


Message History

Ouch! That really hurt!
* * * LOW HITPOINT WARNING * * *
A demonic guardian appears!
You focus on the pain.
You feel very mighty all of a sudden.
Your quasit barely misses the orc.
Your quasit misses the orc.
Your quasit barely misses the orc.
Your quasit barely misses the orc.
Your quasit claws the orc.
Your quasit misses the orc.
Your quasit bites the orc.
Your quasit claws the orc but does no damage. x2
The orc misses your quasit.
Your quasit bites the orc.
The orc dies!
You see here a bat corpse.
You aren't carrying any items that you can evoke.
Casting: Foxfire (safe; 16% risk of failure)
Confirm with . or Enter, or press ? or * to list all spells.
You conjure some foxfire!
Unknown command.
The foxfire hits something.
Casting: Foxfire (safe; 16% risk of failure)
Confirm with . or Enter, or press ? or * to list all spells.
You miscast Foxfire.
You are very lightly contaminated with residual magic.
Nothing appears to happen.
The foxfire hits the orc.
The orc is moderately wounded.
The orc completely misses your quasit.
The orc priest calls upon Beogh to heal the orc.
The orc's wounds heal themselves!
Casting: Foxfire (safe; 16% risk of failure)
Confirm with . or Enter, or press ? or * to list all spells.
You don't have enough magic to cast this spell.
Your quasit bites the orc.
Your quasit claws the orc. x2
The orc dies!
Your quasit bites the orc priest.
Your quasit closely misses the orc priest. x2
There is a stone staircase leading up here.
You hear some strange, mumbled words.
A magic dart appears from out of thin air!
The magic dart hits you!
You die...

#...##...........
#.............#.#
##....##.#........
###.....#..#.####.##
.......#....# ...# #
####.##o.#..#.#.##..#
#.....>.....)...........
#....###.#.)#..#.#.##...
#......@{5........... .
#..######.............
....#############
..##..# # ... #..# # ..
#..#. . #..#.( #..# ..


You could see an orc priest and a friendly quasit (summoned).

Vanquished Creatures
  An adder (D:3)
  2 dart slugs (D:1)
  An orc (D:3)
  4 ball pythons
  A bat (D:3)
  6 endoplasms
  A giant cockroach (D:2)
  6 goblins
  2 hobgoblins
  7 kobolds
  A quokka (D:2)
  3 frilled lizards
  5 rats
40 creatures vanquished.

Vanquished Creatures (collateral kills)
  2 orcs (D:3)
  A quokka (D:1)
3 creatures vanquished.

Vanquished Creatures (others)
  51 foxfires
51 creatures vanquished.

Grand Total: 94 creatures vanquished

Notes
Turn   | Place    | Note
-------+----------+-------------------------------------------
     0 | D:1      | night the Demonspawn Wanderer began the quest for the Orb.
     0 | D:1      | night set off with the following items: a +2 hunting sling,
                  | 19 sling bullets, a +0 pair of boots, a +0 robe; and the
                  | following spell memorised: Foxfire; and the following
                  | spells available to memorise: Inner Flame
     0 | D:1      | Reached XP level 1. HP: 13/13 MP: 2/2
   518 | D:1      | Gained mutation: A weak demonic guardian rushes to your
                  | aid. [demonic ancestry]
   518 | D:1      | Reached XP level 2. HP: 11/19 MP: 2/4
  1023 | D:1      | Gained mutation: You sometimes gain a little power by
                  | taking damage. [demonic ancestry]
  1023 | D:1      | Reached XP level 3. HP: 24/24 MP: 5/5
  1027 | D:1      | Learned a level 3 spell: Inner Flame
  1031 | D:1      | Found a faded altar of an unknown god.
  1046 | D:1      | Got the Volume of Necromancy
  1381 | D:2      | Reached skill level 4 in Slings
  1560 | D:2      | Reached skill level 2 in Fire Magic
  1954 | D:3      | Reached skill level 2 in Spellcasting
  1979 | D:3      | Killed from afar by an orc wizard

Illustrated notes

Levels and vault maps discovered:
D:1:      roderic_crossed_star, layout_basic, dilly_ecumenical_altar_fadedgnrine
D:2:      layout_basic
D:3:      minmay_octagon_keep, layout_basic, gammafunk_ghost_mausoleum

Skill      XL: |  1  2  3 |
---------------+----------+-----
Slings         | 4 |  4.1
Fire Magic     | 2 |  2.2
Spellcasting   | 2 |  2.1
Armour         | |  1.0
Stealth        | |  1.7
Evocations     | |  1.0

Action                   || total
-------------------------++-------
Melee: Dagger            ||     7
 Fire: Hunting sling     ||    50
 Cast: Foxfire           ||    30
  Use: Scroll            ||     3
 Stab: Sleeping          ||     4
Armor: Robe              ||     7
Dodge: Dodged            ||    15

Table legend: (Time is in decaauts)
 A = Elapsed time spent in this place.
 B = Non-inter-level travel time spent in this place.
 C = Inter-level travel time spent in this place.
 D = Time resting spent in this place.
 E = Time spent auto-exploring this place.
 F = Levels seen in this place.
 G = Mean time per level.
                   A        B        C        D        E       F      G
               +--------+--------+--------+--------+--------+-----+--------+
         Total |   1971 |   1933 |     38 |    172 |   1455 |   3 |  657.0 |
       Dungeon |   1971 |   1933 |     38 |    172 |   1455 |   3 |  657.0 |
               +--------+--------+--------+--------+--------+-----+--------+

Top non-repeatable levels by time:
     D:1: 1206 daAuts
     D:2: 594 daAuts
     D:3: 170 daAuts
